Map: Automaton LE

Players

LaDizz - Winner!

  • Race: Protoss Protoss
  • Spawn Location: 9:00

VOD

Have the link to the VOD?

Description

Time

  • Played on: Dec. 7, 2018, 4:17 p.m.
  • Length: 21:58
Show
View Real Time Build Order
Export as new Build Order

LaDizz Protoss - Winner!

Build Orders:  

Get SALT Encoding   

  1  0:00  Probe  
  12  0:09  Probe  
  12  0:24  Pylon  
  12  0:33  Probe  
  12  0:34  Assimilator  
  12  0:51  Gateway  
  12  0:55  Pylon  
  12  1:00  Probe  
  12  1:06  Forge  
  12  1:21  Probe  
  12  1:29  Probe  
  12  1:37  Probe  
  12  1:46  Cybernetics Core  
  12  2:00  Gateway  
  12  2:03  Zealot  
  12  2:07  Probe  
  12  2:15  Probe  
  12  2:20  Protoss Ground Weapons Level 1  
  12  2:24  Probe  
  12  2:26  Warp Gate  
  12  2:41  Nexus  
  12  2:51  Probe  
  12  3:00  Assimilator  
  12  3:01  Pylon  
  12  3:08  Pylon  
  12  3:28  Probe  
  12  3:41  Probe  
  12  3:56  Probe  
  12  4:04  Assimilator  
  12  4:08  Probe, Assimilator  
  12  4:11  Pylon  
  12  4:15  Shield Battery  
  12  4:17  Photon Cannon  
  12  4:21  Shield Battery, Probe  
  12  4:22  Gateway  
  12  4:30  Pylon  
  12  4:33  Probe  
  12  4:35  Pylon  
  12  4:40  Pylon  
  12  4:42  Probe  
  12  4:43  Photon Cannon  
  12  4:46  Shield Battery  
  12  4:50  Probe  
  12  4:59  Probe  
  12  5:11  Probe  
  12  6:00  Adept x2  
  12  6:01  Adept  
  12  7:27  Twilight Council  
  12  7:29  Robotics Facility  
  12  7:38  Pylon  
  12  7:50  Stargate  
  12  7:56  Forge  
  12  7:57  Protoss Ground Armor Level 1  
  12  8:02  Protoss Air Weapons Level 1  
  12  8:05  Probe  
  12  8:08  Cybernetics Core  
  12  8:13  Probe  
  12  8:23  Probe  
  12  8:27  Resonating Glaives  
  12  8:33  Warp Prism  
  12  8:35  Probe  
  12  8:47  Probe  
  12  8:54  Robotics Facility  
  12  8:56  Pylon  
  12  9:00  Dark Shrine  
  12  9:04  Robotics Bay  
  12  9:08  Fleet Beacon  
  12  9:09  Immortal  
  12  9:11  Pylon  
  12  9:14  Pylon  
  12  9:16  Pylon  
  12  9:21  Pylon  
  12  9:24  Photon Cannon  
  12  9:28  Photon Cannon  
  12  9:32  Photon Cannon  
  12  9:45  Photon Cannon  
  12  9:48  Immortal  
  12  9:49  Photon Cannon  
  12  9:52  Protoss Shields Level 1  
  12  9:57  Photon Cannon  
  12  10:07  Charge  
  12  10:28  Observer  
  12  11:46  Zealot x3, Blink  
  12  11:50  Protoss Ground Weapons Level 2  
  12  11:51  Protoss Ground Armor Level 2  
  12  12:03  Tempest  
  12  12:13  Dark Templar  
  12  12:36  Protoss Air Armor Level 1  
  12  12:45  Void Ray  
  12  12:56  Nexus  
  12  12:59  Assimilator  
  12  13:01  Shadow Stride  
  12  13:03  Assimilator  
  12  13:16  Stalker  
  12  13:19  Stalker  
  12  14:05  Protoss Shields Level 2  
  12  14:10  Gravitic Boosters  
  12  14:21  Templar Archives  
  12  14:55  Sentry  
  12  14:57  Stalker  
  12  14:58  Stalker  
  12  15:07  Gravitic Drive  
  12  15:09  Pylon  
  12  15:11  Pylon  
  12  15:14  Pylon  
  12  15:15  Pylon  
  12  15:39  Disruptor  
  12  15:40  Gateway x2  
  12  15:41  Gateway  
  12  15:44  Disruptor  
  12  15:45  Gateway  
  12  15:46  Psionic Storm  
  12  15:48  Gateway  
  12  15:52  Gateway  
  12  15:55  Gateway x2  
  12  16:04  Extended Thermal Lance  
  12  16:07  High Templar  
  12  16:09  High Templar  
  12  17:05  Disruptor  
  12  17:06  Disruptor  
  12  17:41  Disruptor x2  
  12  17:56  High Templar  
  12  18:00  Archon  
  12  18:17  Disruptor  
  12  18:46  Disruptor  
  12  18:47  Pylon  
  12  18:49  Pylon  
  12  18:52  Robotics Facility  
  12  18:56  Disruptor  
  12  19:22  Robotics Facility  
  12  19:23  Robotics Facility  
  12  19:28  Sentry  
  12  20:45  Immortal  
Tags
 
Add a new tag
Caveats
  • Supply blocks, unpowered buildings, or Contaminate may cause inaccurate times.
  • Supply counts are checked every 10 seconds.